 Dungeon Crawl Stone Soup version 0.30-a0-743-gbfdf073431 (webtiles) character file.

Game seed: 18082878707126796984

178 Leeroy the Sneak (level 5, -2/26 HPs)
             Began as a Vine Stalker Warper on Feb 6, 2023.
             Slain by Blork the orc
             ... wielding a +0 morningstar
              (8 damage)
             ... on level 4 of the Dungeon.
             The game lasted 00:03:27 (2848 turns).

Leeroy the Sneak (Vine Stalker Warper)              Turns: 2848, Time: 00:03:27

Health: -2/26      AC:  6    Str: 17    XL:     5   Next: 58%
Magic:  0/9        EV: 12    Int: 13    God:
Gold:   143        SH:  0    Dex: 16    Spells: 8/8 levels left

rFire   + . .      SeeInvis .    e - +3 dagger
rCold   x . .      Faith    .    (no shield)
rNeg    . . .      Spirit   +    b - +0 leather armour
rPois   +          Reflect  .    y - +0 helmet
rElec   .          Harm     .    (no cloak)
rCorr   .          Rampage  .    m - +1 Delatra's gloves {ID++}
Will    .....                    (no boots)
Stlth   +++                      (no amulet)
HPRegen 1.04/turn                n - ring "Teruffe" {Fire rPois Str+4}
MPRegen 0.11/turn                (no ring)

@: no status effects
A: fangs 2, regeneration 1, magic shield, antimagic bite, no potion heal 2
a: no special abilities


You were on level 4 of the Dungeon.
You visited 1 branch of the dungeon, and saw 4 of its levels.

You collected 143 gold pieces.

Inventory:

Hand Weapons
 a - a +0 falchion
 e - a +3 dagger (weapon)
 w - a +0 long sword
Missiles
 d - 7 boomerangs of dispersal (quivered)
 f - 8 poisoned darts
Armour
 b - a +0 leather armour (worn)
 m - the +1 Delatra's gloves (worn) {ID++}
   (You found it on level 2 of the Dungeon)

   ID++:      It heals its wearer when they drink unknown potions, and restores
   their MP when they read unknown scrolls.
 o - a +0 ring mail
 y - a +0 helmet (worn)
Jewellery
 n - the ring "Teruffe" (left hand) {Fire rPois Str+4}
   (You found it on level 2 of the Dungeon)

   [ring of fire]

   It enhances your fire magic.
   Str:       It affects your strength (+4).
   rF:        It protects you from fire.
   rC:        It makes you vulnerable to cold.
   rPois:     It protects you from poison.
Scrolls
 c - a scroll of blinking
 h - 9 scrolls of identify {unknown}
 k - a scroll of teleportation {unknown}
 l - a scroll of enchant weapon {unknown}
 p - a scroll of torment {unknown}
 q - 3 scrolls of enchant armour {unknown}
 u - a scroll of noise {unknown}
 x - a scroll of immolation {unknown}
Potions
 g - a potion of berserk rage {unknown}
 i - 4 potions of curing {unknown}
 j - 3 potions of heal wounds {unknown}
 r - 2 potions of haste {unknown}
 s - a potion of might {unknown}
 t - a potion of ambrosia {unknown}
 v - a potion of lignification {unknown}


   Skills:
 - Level 1.7 Fighting
 + Level 2.7 Long Blades
 - Level 0.8 Throwing
 - Level 0.7 Armour
 - Level 1.5 Dodging
 * Level 6.0 Stealth
 - Level 2.1 Spellcasting
 - Level 3.0 Translocations


You had 8 spell levels left.
You didn't know any spells.
Your spell library contained the following spells:

 Spells                   Type           Power      Damage    Failure   Level
 Blink                    Tloc           18%        N/A       13%         2
 Lesser Beckoning         Tloc           18%        N/A       13%         2
 Teleport Other           Tloc           9%         N/A       26%         3
 Magic Dart               Conj           4%         1d3       30%         1
 Call Imp                 Summ           1%         N/A       41%         2
 Vhi's Electric Charge    Tloc/Air       10%        N/A       43%         3
 Mephitic Cloud           Conj/Pois/Air  1%         N/A       65%         3
 Manifold Assault         Tloc           9%         N/A       65%         4


Dungeon Overview and Level Annotations

Branches:
Dungeon (4/15)
 Temple: D:4-7

Altars:

Annotations:
D:4 Blork the orc


Innate Abilities, Weirdness & Mutations

You have extremely sharp teeth.
Your natural rate of healing is unusually fast.
When hurt, damage is shared between your health and your magic reserves.
Your bite disrupts and absorbs the magic of your enemies.
Potions cannot restore your health.


Message History

Blork the orc is lightly wounded.
Blork the orc hits you with a +0 morningstar.
You barely miss Blork the orc. You bite Blork the orc.
Blork the orc's magic leaks into the air.
You drain his magic.
You feel invigorated.
Blork the orc is moderately wounded.
Blork the orc hits you with a +0 morningstar!
You hit Blork the orc but do no damage.
Blork the orc is moderately wounded.
Blork the orc's magic is no longer disrupted.
Blork the orc hits you with a +0 morningstar.
You hit Blork the orc.
Blork the orc is moderately wounded.
Blork the orc misses you.
You barely miss Blork the orc.
Blork the orc is moderately wounded.
Blork the orc screams, "I'm going to kill you!"
Blork the orc closely misses you.
You hit Blork the orc but do no damage. You bite Blork the orc.
Blork the orc's magic leaks into the air.
You drain his magic.
You feel invigorated.
Blork the orc is heavily wounded.
Blork the orc hits you with a +0 morningstar!
You hit Blork the orc.
Blork the orc is heavily wounded.
Blork the orc's magic is no longer disrupted.
Blork the orc mumbles some strange words.
Blork the orc seems to speed up.
You hit Blork the orc. Your bite misses Blork the orc.
Blork the orc is heavily wounded.
Blork the orc hits you with a +0 morningstar!
* * * LOW HITPOINT WARNING * * *
You hit Blork the orc. You bite Blork the orc.
Blork the orc's magic leaks into the air.
You drain his magic.
You feel invigorated.
Blork the orc is severely wounded.
Blork the orc screams, "I don't like you!"
Blork the orc closely misses you.
Blork the orc hits you with a +0 morningstar!
You die...

.....#.#.#.# #.#[.#.#.#.#
# #....#.#.#.# .#
#.#.##.#.#.##.# o
#....#.#....#
#.#.#..#....#######
#.###........o....# #
........###.#####o##.####
...>.$..........@........
.....<#.#####$.......####
........!......).....#
#......)o.###........#
#.#.###...# #........# #
#. +...# #........# ##
##+## #..........
#.......#### #####....


You could see Blork the orc (fast, magic disrupted).

Vanquished Creatures
  Jessica (D:2)
  An orc wizard (D:3)
  5 adders
  2 worms (D:2)
  2 dart slugs (D:2)
  7 orcs
  8 endoplasms
  3 giant cockroaches
  4 goblins
  5 hobgoblins
  2 jackals (D:3)
  2 quokkas (D:1)
  6 ball pythons
  5 bats
  5 frilled lizards
  5 kobolds
  3 rats
66 creatures vanquished.

Notes
Turn   | Place    | Note
-------+----------+-------------------------------------------
     0 | D:1      | Leeroy the Vine Stalker Warper began the quest for the Orb.
     0 | D:1      | Reached XP level 1. HP: 11/11 MP: 4/4
   196 | D:1      | Reached skill level 1 in Stealth
   210 | D:1      | Reached XP level 2. HP: 15/15 MP: 6/6
   273 | D:1      | Reached skill level 2 in Stealth
   475 | D:1      | Reached XP level 3. HP: 16/18 MP: 5/7
   869 | D:2      | Reached skill level 3 in Stealth
   919 | D:2      | Found the +1 Delatra's gloves {ID++}
  1010 | D:2      | Noticed Jessica
  1012 | D:2      | Killed Jessica
  1013 | D:2      | Reached skill level 4 in Stealth
  1013 | D:2      | Gained mutation: Your natural rate of healing is unusually
                  | fast. [Vine Stalker growth]
  1013 | D:2      | Reached XP level 4. HP: 23/23 MP: 8/8
  1023 | D:2      | Identified the ring "Teruffe" {Fire rPois Str+4}
  1846 | D:3      | Reached skill level 5 in Stealth
  1846 | D:3      | Reached XP level 5. HP: 18/26 MP: 7/9
  2201 | D:3      | Found a faded altar of an unknown god.
  2731 | D:4      | Noticed Blork the orc
  2731 | D:4      | Noticed an orc warrior
  2818 | D:4      | Reached skill level 6 in Stealth
  2848 | D:4      | Slain by Blork the orc

Illustrated notes

Levels and vault maps discovered:
D:1:      lightli_arrival_chessboard, layout_loops_ring
D:2:      layout_loops_corners, corexii_corridor_pit, minmay_split_cup_large,
          uniq_jessica
D:3:      layout_loops_corners, hellmonk_ecumenical_altar_crossroads,
          uniq_crazy_yiuf_cottage
D:4:      layout_basic, nicolae_wu_jian_immortal_techniques, serial_shops, shop,
          uniq_blork_the_orc

Skill      XL: |  1  2  3  4  5 |
---------------+----------------+-----
Long Blades    | 2 |  2.7
Stealth        | 1 2 4 5 6 |  6.0
Fighting       | |  1.7
Throwing       | |  0.8
Armour         | |  0.7
Dodging        | |  1.5
Spellcasting   | |  2.1
Translocations | |  3.0

Action                     |  1- 3 |  4- 6 || total
---------------------------+-------+-------++-------
  Melee: Dagger            |    60 |    94 ||   154
         Falchion          |     5 |       ||     5
         Bite              |    15 |    28 ||    43
         Punch             |       |     1 ||     1
   Stab: Sleeping          |     8 |     5 ||    13
         Distracted        |       |     1 ||     1
 Armour: Leather armour    |     7 |    30 ||    37
  Dodge: Dodged            |    19 |    56 ||    75

Table legend: (Time is in decaauts)
 A = Elapsed time spent in this place.
 B = Non-inter-level travel time spent in this place.
 C = Inter-level travel time spent in this place.
 D = Time resting spent in this place.
 E = Time spent auto-exploring this place.
 F = Levels seen in this place.
 G = Mean time per level.
                   A        B        C        D        E       F      G
               +--------+--------+--------+--------+--------+-----+--------+
         Total |   2836 |   2708 |    128 |     22 |   2237 |   4 |  709.0 |
       Dungeon |   2836 |   2708 |    128 |     22 |   2237 |   4 |  709.0 |
               +--------+--------+--------+--------+--------+-----+--------+

Top non-repeatable levels by time:
     D:3: 1015 daAuts
     D:2: 983 daAuts
     D:1: 742 daAuts
     D:4: 95 daAuts
